 Dungeon Crawl Stone Soup version 0.29.1-15-g9cfb28693d (console) character file.

Game seed: 8470509950655384248

881 om the Trooper (level 7, -5/71 HPs)
             Began as a Troll Berserker on Apr 28, 2023.
             Was a Believer of Trog.
             Killed by divine providence
             ... invoked by an orc priest
              (11 damage)
             ... on level 5 of the Dungeon.
             The game lasted 00:06:38 (3229 turns).

om the Trooper (Troll Berserker)                    Turns: 3229, Time: 00:06:39

Health: -5/71      AC:  4    Str: 26    XL:     7   Next: 75%
Magic:  6/6        EV: 11    Int:  3    God:    Trog [**....]
Gold:   270        SH:  5    Dex: 15    Spells: 6/6 levels left

rFire   . . .      SeeInvis +     - Unarmed
rCold   . . .      Faith    .   (no shield)
rNeg    . . .      Spirit   .   a - +0 animal skin
rPois   .          Reflect  +   (helmet restricted)
rElec   .          Harm     .   (no cloak)
rCorr   +          Rampage  .   (gloves unavailable)
Will    .....                   (boots unavailable)
Stlth   +.........              b - amulet of Zikak {Reflect Dex+4 SH+5 SInv}
HPRegen 1.01/turn               c - ring of resist corrosion
MPRegen 0.10/turn               (no ring)

@: no status effects
A: large, unfitting armour, claws 3, regeneration 1, shaggy fur 1, tough skin 1
a: Renounce Religion, Berserk, Trog's Hand


You were on level 5 of the Dungeon.
You worshipped Trog.
Trog was pleased with you.
You visited 1 branch of the dungeon, and saw 5 of its levels.

You collected 270 gold pieces.

Inventory:

Hand Weapons
 r - a +0 giant spiked club
Armour
 a - a +0 animal skin (worn)
Jewellery
 b - the amulet of Zikak (around neck) {Reflect Dex+4 SH+5 SInv}
   (You found it on level 3 of the Dungeon)

   [amulet of reflection]

   It reflects blocked missile attacks.
   Dex:       It affects your dexterity (+4).
   SInv:      It lets you see invisible.
   SH:        It affects your SH (+5).
 c - a ring of resist corrosion (left claw)
 f - a ring of magical power
Wands
 d - a wand of digging (5)
Scrolls
 e - a scroll of magic mapping
 h - a scroll of enchant weapon
 j - a scroll of identify
 o - a scroll of vulnerability
 s - a scroll of enchant armour {unknown}
 u - a scroll of teleportation {unknown}
Potions
 g - a potion of resistance {unknown}
 i - a potion of degeneration {unknown}
 k - a potion of brilliance {unknown}
 m - a potion of magic
 n - a potion of berserk rage
 q - a potion of flight {unknown}


   Skills:
 + Level 4.5 Fighting
 - Level 2.4 Long Blades
 * Level 3.3 Maces & Flails
 + Level 4.5 Dodging
 - Level 4.0 Unarmed Combat


You had 6 spell levels left.
You didn't know any spells.
Your spell library was empty.

Dungeon Overview and Level Annotations

Branches:
Dungeon (5/15)             Temple (0/1) D:4

Altars:
The Shining One


Innate Abilities, Weirdness & Mutations

You are too large for most types of armour.
You have claws for hands.
Your natural rate of healing is unusually fast.
You are covered in fur. (AC +1)
You have tough skin. (AC +1)


Message History

The orc wizard hits you with a +0 dagger.
* * * LOW HITPOINT WARNING * * *
The orc priest attacks as you move away!
The orc priest hits you but does no damage.
The orc wizard gestures wildly while chanting.
The orc wizard flickers and vanishes for a moment.
The orc priest attacks as you move away!
The orc priest closely misses you.
The orc priest attacks as you move away!
The orc priest hits you with a +0 club.
* * * LOW HITPOINT WARNING * * *
The orc priest calls down the wrath of Beogh upon you.
Beogh smites you!
* * * LOW HITPOINT WARNING * * *
You barely miss the orc priest. You block the orc priest's attack.
The orc priest hits you with a +0 trident!
* * * LOW HITPOINT WARNING * * *
The orc priest closely misses you.
You are now empty-clawed.
You barely miss the orc priest.
The orc priest hits you with a +0 trident.
* * * LOW HITPOINT WARNING * * *
The orc priest closely misses you.
The orc wizard hits you with a +0 dagger.
* * * LOW HITPOINT WARNING * * *
You closely miss the orc priest. The orc priest hits you with a +0 club.
* * * LOW HITPOINT WARNING * * *
The orc priest mumbles some strange prayers to Beogh against you.
You struggle to resist.
The orc wizard hits you with a +0 dagger.
* * * LOW HITPOINT WARNING * * *
Unknown command.
You scratch the orc priest.
The orc priest is moderately wounded.
The orc priest hits you with a +0 club.
* * * LOW HITPOINT WARNING * * *
The orc wizard hits you but does no damage.
The orc priest mumbles some strange prayers to Beogh against you.
Beogh smites you!
You die...

## #... ###.. ##.##
.. .....# #####...#
.. ......##.......##
..# #...)........###
..#
##....###...#...##
..#
#......##..###...##.#
.....##..o#o.#
##.....# ....
###o@..# ##....# ...
##...# ##...### #.
##..# ##.....### #
#..# ##......... ##..
##..........
#...#....##...##
#.......###.#.#.
#.....#.###...#.
...##..#....###..


You could see 2 orc priests and an orc wizard (invisible).

Vanquished Creatures
  2 ice beasts (D:5)
  2 ogres
  A gnoll sergeant (D:4)
  A necrophage (D:4)
  A scorpion (D:4)
  A howler monkey (D:5)
  A hound (D:5)
  An orc priest (D:4)
  An iguana (D:4)
  Ijyb (D:5)
  3 gnolls (D:4)
  7 adders
  A shadow imp (D:5)
  3 worms
  3 dart slugs
  8 orcs
  8 ball pythons
  7 bats
  7 endoplasms
  A giant cockroach (D:2)
  8 goblins
  4 hobgoblins
  3 jackals (D:4)
  7 quokkas
  4 frilled lizards
  6 kobolds
  4 rats
96 creatures vanquished.

Notes
Turn   | Place    | Note
-------+----------+-------------------------------------------
     0 | D:1      | om the Troll Berserker began the quest for the Orb.
     0 | D:1      | Reached XP level 1. HP: 22/22 MP: 0/0
    64 | D:1      | Reached XP level 2. HP: 29/29 MP: 1/1
    95 | D:1      | Found a faded altar of an unknown god.
   528 | D:2      | Reached XP level 3. HP: 36/36 MP: 2/2
  1120 | D:2      | Reached ** piety under Trog
  1398 | D:3      | Identified the +8 great sword of Sharing Destruction
                  | {freeze, rElec Int+2}
  1490 | D:3      | Reached XP level 4. HP: 44/44 MP: 3/3
  1534 | D:3      | Found a glowing golden altar of the Shining One.
  1622 | D:3      | Identified the amulet of Zikak {Reflect Dex+4 SH+5 SInv}
  2084 | D:4      | Found a staircase to the Ecumenical Temple.
  2123 | D:4      | Identified the +0 scale mail of Isuphoch {rPois rCorr
                  | Str+3}
  2157 | D:4      | Reached XP level 5. HP: 43/53 MP: 4/4
  2231 | D:4      | Reached skill level 1 in Long Blades
  2390 | D:4      | Noticed an ogre
  2402 | D:4      | Reached XP level 6. HP: 62/62 MP: 5/5
  2667 | D:4      | Reached skill level 1 in Maces & Flails
  2915 | D:5      | Entered Level 5 of the Dungeon
  3014 | D:5      | Reached XP level 7. HP: 70/70 MP: 6/6
  3021 | D:5      | Noticed Ijyb
  3050 | D:5      | HP: 5/106 [Ijyb/+6 vampiric dagger (2)]
  3090 | D:5      | Killed Ijyb
  3229 | D:5      | Killed from afar by an orc priest

Illustrated notes

Levels and vault maps discovered:
D:1:      roderic_crossed_star, layout_rooms, ebering_ecumenical_altar_rust,
          kennysheep_boxes
D:2:      layout_basic, chequers_serial_rivers_room_a
D:3:      layout_loops_ring, tso_altar
D:4:      layout_loops_ring, minmay_temple_entry_statues_pillars
D:5:      layout_layer_cave, mainiacjoe_overflow_brackets, minmay_starry_boxes,
          uniq_ijyb

Skill      XL: |  1  2  3  4  5  6  7 |
---------------+----------------------+-----
Unarmed Combat | 4 |  4.0
Fighting       | 3 4 |  4.5
Dodging        | 3 4 |  4.5
Long Blades    | 2 |  2.4
Maces & Flails | 1 3 |  3.3

Action                   |  1- 3 |  4- 6 |  7- 9 || total
-------------------------+-------+-------+-------++-------
Melee: Unarmed           |   103 |    33 |     3 ||   139
       Punch             |     4 |     2 |       ||     6
       Great sword       |       |    42 |       ||    42
       Giant spiked club |       |    45 |    46 ||    91
Invok: Berserk           |       |     1 |     1 ||     2
       Trog's Hand       |       |       |     1 ||     1
  Use: Scroll            |       |     8 |     1 ||     9
       Potion            |       |       |     2 ||     2
Armor: Animal skin       |    38 |    25 |    14 ||    77
       Skin              |       |       |    62 ||    62
Dodge: Dodged            |    52 |    91 |    48 ||   191
Block: Other             |       |    36 |    31 ||    67
       Reflection        |       |       |     1 ||     1
